 Dungeon Crawl Stone Soup version 0.21.1 (webtiles) character file.

849 tidbits the Charmwright (level 8, 8/63 HPs)
             Began as a Gnoll Skald on Feb 2, 2018.
             Quit the game on level 6 of the Dungeon.
             The game lasted 00:08:45 (896 turns).

tidbits the Charmwright (Gnoll Skald)                Turns: 896, Time: 00:08:46

Health: 8/63       AC:  5    Str: 14    XL:     8   Next: 1%
Magic:  13/16      EV: 15    Int: 18    God:
Gold:   69         SH:  0    Dex: 14    Spells: 7/18 levels left

rFire    . . .     SeeInvis .   a - +1 hand axe
rCold    . . .     Gourm    .   (no shield)
rNeg     . . .     Faith    .   B - +2 robe {MR+}
rPois    .         Spirit   .   (no helmet)
rElec    .         Reflect  .   C - +0 cloak
rCorr    .         Harm     .   (no gloves)
MR       +....                  (no boots)
Stlth    +.........             (no amulet)
HPRegen  0.20/turn              (no ring)
MPRegen  0.15/turn              (no ring)

@: confused, hasted, very quick
A: distributed training, fangs 1, strong nose
a: no special abilities


You were on level 6 of the Dungeon.
You were not hungry.

You visited 1 branch of the dungeon, and saw 8 of its levels.

You collected 69 gold pieces.

Inventory:

Hand Weapons
 a - a +1 hand axe (weapon)
 g - a +0 flail of holy wrath
   (You took it off an orc on level 5 of the Dungeon)
 h - a +4 quarterstaff of chaos
   (You took it off Crazy Yiuf on level 3 of the Dungeon)
 m - a +0 dagger
 n - a +0 scimitar
Missiles
 f - 10 tomahawks (quivered)
Armour
 b - a +0 leather armour
 B - a +2 robe of magic resistance (worn)
   (You took it off Jessica on level 3 of the Dungeon)
 C - a +0 cloak (worn)
Potions
 k - 2 potions of haste
 l - a potion of brilliance {unknown}
Books
 c - a book of Battle

   Spells                             Type                      Level
   a - Infusion                       Charms                       1
   b - Shroud of Golubria             Charms/Translocation         2
   c - Song of Slaying                Charms                       2
   d - Spectral Weapon                Hexes/Charms                 3
   e - Regeneration                   Charms/Necromancy            3
Comestibles
 d - 3 rations


   Skills:
 + Level 5.4 Fighting
 + Level 2.8 Short Blades
 + Level 2.8 Long Blades
 + Level 5.4 Axes
 + Level 2.8 Maces & Flails
 + Level 2.8 Polearms
 + Level 2.8 Staves
 + Level 2.8 Slings
 + Level 2.8 Bows
 + Level 2.8 Crossbows
 + Level 2.8 Throwing
 + Level 3.8 Armour
 + Level 5.4 Dodging
 + Level 2.8 Stealth
 + Level 2.8 Shields
 + Level 2.8 Unarmed Combat
 + Level 5.8 Spellcasting
 + Level 2.2 Conjurations
 + Level 2.2 Hexes
 + Level 5.9 Charms
 + Level 2.2 Summonings
 + Level 2.2 Necromancy
 + Level 2.2 Translocations
 + Level 2.2 Transmutations
 + Level 2.2 Fire Magic
 + Level 2.2 Ice Magic
 + Level 2.2 Air Magic
 + Level 2.2 Earth Magic
 + Level 2.2 Poison Magic
 + Level 3.1 Invocations
 + Level 2.8 Evocations


You had 7 spell levels left.
You knew the following spells:

 Your Spells              Type           Power        Failure   Level  Hunger
g - Shroud of Golubria    Chrm/Tloc      ###.......   3%          2    None
i - Infusion              Chrm           ####         1%          1    None
r - Regeneration          Chrm/Necr      ###.......   7%          3    ##.....
w - Spectral Weapon       Hex/Chrm       ###.....     7%          3    ##.....
y - Song of Slaying       Chrm           ####....     1%          2    None


Dungeon Overview and Level Annotations

Branches:
Dungeon (8/15)
 Temple: D:4-7         Lair: D:8-11

Altars:
Hepliaklqana
Sif Muna
Trog
Xom

Annotations:
D:6 Menkaure


Innate Abilities, Weirdness & Mutations

Your experience applies equally to all skills.
You have very sharp teeth.
Your uncanny sense of smell can sniff out nearby items.


Message History

Duvessa is almost dead.
Duvessa hits you with a short sword.
* * * LOW HITPOINT WARNING * * *
You hit Duvessa.
Duvessa is almost dead.
Duvessa hits you with a short sword.
* * * LOW HITPOINT WARNING * * *
You hit Duvessa.
You kill Duvessa!
Your Invocations skill increases to level 3!
Your magical infusion is running out.
Items here: )) [ † a short sword; a leather armour; a giant club; the elf corpse of Duvessa You swap places.
Your spectral weapon fades away.
You are no longer magically infusing your attacks.
Items here: )) [ † a short sword; a leather armour; a giant club; the elf corpse of Duvessa
There is an open door here.
Casting: Infusion
Confirm with . or Enter, or press ? or * to list all spells.
Your skin crawls.
Your skin is crawling a little less now.
Things that are here:
a dagger; a robe The phantom blinks!
Found 14 gold pieces.
Your skin stops crawling.
The phantom blinks!
You see here 14 gold pieces.
You now have 55 gold pieces (gained 14).
You see here 19 arrows.
A quokka comes into view.
You see here 14 gold pieces.
You now have 69 gold pieces (gained 14).
Casting: Regeneration
Confirm with . or Enter, or press ? or * to list all spells.
You draw out your weapon's spirit!
The phantom blinks!
You see here 19 arrows.
The phantom blinks!
You hit the quokka.
The quokka is almost dead.
Your spectral weapon hits the quokka!
You kill the quokka!
You closely miss the phantom.
Your spectral weapon hits the phantom!
The phantom hits you but does no damage.
You slash the phantom!
The phantom is heavily damaged.
Your spectral weapon hits the phantom.
The phantom completely misses you.
You slash the phantom!
The phantom is almost destroyed.
Your spectral weapon barely misses the phantom.
The phantom closely misses you.
You hit the phantom.
The phantom is almost destroyed.
Your spectral weapon hits the phantom.
You destroy the phantom!
You have reached level 8!
You feel stronger.
There is a stone staircase leading down here.
You climb downwards.
Your summoned ally is left behind.
Your spectral weapon fades away.
Found 9 arrows.
There is a stone staircase leading up here.
Unknown command.
Found a ring mail.
Found 2 coppery potions.
You see here 2 coppery potions.
k - 3 coppery potions (gained 2)
Found a ration.
There is a stone staircase leading up here.
You climb upwards.
There is a stone staircase leading down here.
Unknown command.
Found a stone staircase leading up.
There is a stone staircase leading up here.
You climb upwards.
Found a glowing puce potion.
Found an escape hatch in the floor.
There is a stone staircase leading down here.
Unknown command.
Found a scroll labeled MAADITR XITEUMP and 28 arrows.
There is an escape hatch in the floor here.
A centaur comes into view.
You see here a glowing puce potion.
e - a glowing puce potion The centaur shouts!
The centaur wields a shortbow.
The centaur shoots an arrow.
The arrow hits you!
* * * LOW HITPOINT WARNING * * *
It was a potion of haste.
You feel yourself speed up.
Menkaure, Prince of Dust comes into view.
Menkaure shouts!
The centaur shoots an arrow.
The arrow closely misses you.
The centaur shoots an arrow.
The arrow hits you!
* * * LOW HITPOINT WARNING * * *
You see here an arrow.
It was a potion of ambrosia.
You are confused.
You feel invigorated.
The centaur shoots an arrow.
The arrow hits you!
* * * LOW HITPOINT WARNING * * *
Are you sure you want to abandon this character and quit the game? (Confirm with "yes".)

############# .
##.....#(....#..
##....((....M..##
#...............#
#........@...c..#
..#
#...>...........#
#..
#...............#
..
#>..............#
...
##.....#.#.....##
...
##...........##
## .
####.#.#.##.. .#
.. #...?.# ####
.# #. ##..#. ..#
.## #.


You could see Menkaure and a centaur.

Vanquished Creatures
  Duvessa (D:7)
  An orc warrior (D:6)
  2 phantoms
  A necrophage (D:5)
  An ogre (D:7)
  A bullfrog (D:6)
  Dowan (D:7)
  Crazy Yiuf (D:3)
  A hound (D:7)
  Jessica (D:3)
  A bullfrog skeleton (D:7)
  2 orc wizards (D:6)
  A hound zombie (D:7)
  An adder (D:2)
  A shadow imp (D:6)
  3 orcs
  A hobgoblin (D:3)
  3 jackals (D:7)
  A quokka (D:7)
  3 kobolds
  A rat (D:2)
29 creatures vanquished.

Vanquished Creatures (others)
  A spectral weapon (D:7)
1 creature vanquished.

Grand Total: 30 creatures vanquished

Notes
Turn   | Place    | Note
-------+----------+-------------------------------------------
     0 | D:1      | tidbits the Gnoll Skald began the quest for the Orb.
     0 | D:1      | Reached XP level 1. HP: 20/20 MP: 6/6
    80 | D:2      | Reached XP level 2. HP: 24/26 MP: 3/7
    84 | D:2      | Learned a level 2 spell: Song of Slaying
    87 | D:2      | Learned a level 2 spell: Shroud of Golubria
   116 | D:3      | Found a hazy altar of Hepliaklqana.
   130 | D:3      | Noticed Jessica
   151 | D:3      | Killed Jessica
   151 | D:3      | Reached skill level 5 in Spellcasting
   151 | D:3      | Reached XP level 3. HP: 14/31 MP: 3/9
   171 | D:3      | Learned a level 3 spell: Regeneration
   175 | D:3      | Learned a level 3 spell: Spectral Weapon
   225 | D:3      | Found a runed door.
   232 | D:3      | Noticed Crazy Yiuf
   236 | D:3      | HP: 1/31 [Crazy Yiuf/quarterstaff of chaos (4)]
   237 | D:3      | Killed Crazy Yiuf
   237 | D:3      | Reached skill level 1 in Short Blades
   237 | D:3      | Reached skill level 1 in Long Blades
   237 | D:3      | Reached skill level 1 in Maces & Flails
   237 | D:3      | Reached skill level 1 in Polearms
   237 | D:3      | Reached skill level 1 in Staves
   237 | D:3      | Reached skill level 1 in Slings
   237 | D:3      | Reached skill level 1 in Bows
   237 | D:3      | Reached skill level 1 in Crossbows
   237 | D:3      | Reached skill level 1 in Throwing
   237 | D:3      | Reached skill level 1 in Stealth
   237 | D:3      | Reached skill level 1 in Shields
   237 | D:3      | Reached skill level 1 in Unarmed Combat
   237 | D:3      | Reached skill level 1 in Invocations
   237 | D:3      | Reached skill level 1 in Evocations
   237 | D:3      | Reached XP level 4. HP: 1/38 MP: 2/11
   361 | D:5      | Entered Level 5 of the Dungeon
   365 | D:5      | Noticed a necrophage
   371 | D:5      | Killed a necrophage
   371 | D:5      | Reached skill level 1 in Conjurations
   371 | D:5      | Reached skill level 1 in Hexes
   371 | D:5      | Reached skill level 1 in Summonings
   371 | D:5      | Reached skill level 1 in Necromancy
   371 | D:5      | Reached skill level 1 in Translocations
   371 | D:5      | Reached skill level 1 in Transmutations
   371 | D:5      | Reached skill level 1 in Fire Magic
   371 | D:5      | Reached skill level 1 in Ice Magic
   371 | D:5      | Reached skill level 1 in Air Magic
   371 | D:5      | Reached skill level 1 in Earth Magic
   371 | D:5      | Reached skill level 1 in Poison Magic
   371 | D:5      | Reached XP level 5. HP: 37/43 MP: 6/12
   423 | D:5      | Noticed a phantom
   438 | D:5      | Killed a phantom
   438 | D:5      | Reached skill level 3 in Armour
   438 | D:5      | Reached skill level 2 in Invocations
   438 | D:5      | Reached XP level 6. HP: 49/50 MP: 6/13
   493 | D:6      | Reached skill level 5 in Fighting
   493 | D:6      | Reached skill level 5 in Axes
   493 | D:6      | Reached skill level 5 in Dodging
   524 | D:6      | Reached skill level 2 in Short Blades
   524 | D:6      | Reached skill level 2 in Long Blades
   524 | D:6      | Reached skill level 2 in Maces & Flails
   524 | D:6      | Reached skill level 2 in Polearms
   524 | D:6      | Reached skill level 2 in Staves
   524 | D:6      | Reached skill level 2 in Slings
   524 | D:6      | Reached skill level 2 in Bows
   524 | D:6      | Reached skill level 2 in Crossbows
   524 | D:6      | Reached skill level 2 in Throwing
   524 | D:6      | Reached skill level 2 in Stealth
   524 | D:6      | Reached skill level 2 in Shields
   524 | D:6      | Reached skill level 2 in Unarmed Combat
   524 | D:6      | Reached skill level 2 in Evocations
   535 | D:6      | Noticed an orc warrior
   547 | D:6      | Killed an orc warrior
   547 | D:6      | Reached XP level 7. HP: 43/56 MP: 7/15
   594 | D:6      | Found a bloodstained altar of Trog.
   594 | D:6      | Found a shimmering altar of Xom.
   595 | D:6      | Found a deep blue altar of Sif Muna.
   702 | D:7      | Noticed Duvessa
   702 | D:7      | Noticed Dowan
   723 | D:7      | Killed Dowan
   723 | D:7      | Reached skill level 2 in Conjurations
   723 | D:7      | Reached skill level 2 in Hexes
   723 | D:7      | Reached skill level 2 in Summonings
   723 | D:7      | Reached skill level 2 in Necromancy
   723 | D:7      | Reached skill level 2 in Translocations
   723 | D:7      | Reached skill level 2 in Transmutations
   723 | D:7      | Reached skill level 2 in Fire Magic
   723 | D:7      | Reached skill level 2 in Ice Magic
   723 | D:7      | Reached skill level 2 in Air Magic
   723 | D:7      | Reached skill level 2 in Earth Magic
   723 | D:7      | Reached skill level 2 in Poison Magic
   772 | D:7      | HP: 4/56 [Duvessa/short sword (4)]
   773 | D:7      | Killed Duvessa
   773 | D:7      | Reached skill level 3 in Invocations
   840 | D:7      | Reached XP level 8. HP: 27/63 MP: 3/16
   893 | D:6      | Noticed Menkaure
   896 | D:6      | Quit the game

Skill      XL: |  1  2  3  4  5  6  7 |
---------------+----------------------+-----
Spellcasting   | 5 |  5.8
Short Blades   | 1 2 |  2.8
Long Blades    | 1 2 |  2.8
Maces & Flails | 1 2 |  2.8
Polearms       | 1 2 |  2.8
Staves         | 1 2 |  2.8
Slings         | 1 2 |  2.8
Bows           | 1 2 |  2.8
Crossbows      | 1 2 |  2.8
Throwing       | 1 2 |  2.8
Stealth        | 1 2 |  2.8
Shields        | 1 2 |  2.8
Unarmed Combat | 1 2 |  2.8
Invocations    | 1 2 3 |  3.1
Evocations     | 1 2 |  2.8
Conjurations   | 1 2 |  2.2
Hexes          | 1 2 |  2.2
Summonings     | 1 2 |  2.2
Necromancy     | 1 2 |  2.2
Translocations | 1 2 |  2.2
Transmutations | 1 2 |  2.2
Fire Magic     | 1 2 |  2.2
Ice Magic      | 1 2 |  2.2
Air Magic      | 1 2 |  2.2
Earth Magic    | 1 2 |  2.2
Poison Magic   | 1 2 |  2.2
Armour         | 3 |  3.8
Fighting       | 5 |  5.4
Axes           | 5 |  5.4
Dodging        | 5 |  5.4
Charms         | |  5.9

Action                   |  1- 3 |  4- 6 |  7- 9 || total
-------------------------+-------+-------+-------++-------
Melee: Hand axe          |    26 |    39 |    83 ||   148
       Bite              |     5 |     3 |    10 ||    18
       Punch             |       |       |     1 ||     1
Throw: Tomahawk          |     4 |       |       ||     4
 Cast: Infusion          |     5 |       |     1 ||     6
       Spectral Weapon   |     1 |     6 |     8 ||    15
       Shroud of Golubri |     1 |     3 |     3 ||     7
       Regeneration      |       |     1 |     3 ||     4
  Use: Scroll            |       |     1 |     3 ||     4
       Potion            |       |       |     3 ||     3
 Stab: Distracted        |       |     1 |       ||     1
  Eat: Ration            |       |     1 |       ||     1
Armor: Leather armour    |     4 |       |       ||     4
       Robe              |       |     9 |    21 ||    30
Dodge: Dodged            |    11 |    11 |    40 ||    62

Table legend:
 A = Turns spent in this place as a percentage of turns spent in the entire game.
 B = Non-inter-level travel turns spent in this place as a percentage of non-inter-level travel turns spent in the entire game.
 C = Inter-level travel turns spent in this place as a percentage of turns spent in this place.
 D = Turns resting spent in this place as a percentage of non-inter-level travel turns spent in this place.
 E = Turns spent auto-exploring this place as a percentage of non-inter-level travel turns spent in this place.
 F = Non-inter-level travel turns spent in this place divided by the number of levels of this place that you've seen.
                   A       B       C       D       E      F
               +-------+-------+-------+-------+-------+----------------------
         Total | 100.0 | 100.0 |   0.0 |   0.0 |   0.0 | 112.0
       Dungeon | 100.0 | 100.0 |   0.0 |   0.0 |   0.0 | 112.0
               +-------+-------+-------+-------+-------+----------------------

Table legend:
 A = Kills in this place as a percentage of kills in entire the game.
 B = Kills by you in this place as a percentage of kills by you in the entire game.
 C = Kills by friends in this place as a percentage of kills by friends in the entire game.
 D = Other kills in this place as a percentage of other kills in the entire game.
 E = Experience gained in this place as a percentage of experience gained in the entire game.
 F = Experience gained in this place divided by the number of levels of this place that you have seen.
                   A       B       C       D       E      F
               +-------+-------+-------+-------+-------+----------------------
         Total | 100.0 | 100.0 |   N/A |   N/A | 100.0 | 151.6
       Dungeon | 100.0 | 100.0 |   N/A |   N/A | 100.0 | 151.6
               +-------+-------+-------+-------+-------+----------------------

Vault maps used:
D:1:      matt_arrival_los_fun
D:2:      gammafunk_temple_overflow_arena, kennysheep_flooded_box, uniq_terence
D:3:      overflow_temple_1_default, uniq_jessica, uniq_crazy_yiuf_cottage
D:4:      minmay_temple_entry_statues_fountains, uniq_natasha, uniq_ijyb
D:5:      marbit_many_paths, first_ration, minmay_stone_trees_medium
D:6:      gammafunk_temple_overflow_claw, serial_glass, glass_columns_a,
          glass_columns_a, glass_columns_b, glass_columns_a, glass_columns_a,
          glass_columns_b, sigmund_army, uniq_menkaure
D:7:      uniq_duvessa
D:8:      overflow_temple_1_default
